 Seeded DCSS version 0.29.1-15-g9cfb28693d (webtiles) character file.

Game seed: 6320845443627075161 (custom seed)

21 Psyclone the Firebug (level 2, 15/15 HPs)
             Began as a Deep Elf Fire Elementalist on Sept 23, 2023.
             Quit the game on level 2 of the Dungeon.
             The game lasted 00:02:45 (1485 turns).

Psyclone the Firebug (Deep Elf Fire Elementalist)   Turns: 1485, Time: 00:02:45

Health: 15/15      AC:  3    Str:  5    XL:     2   Next: 65%
Magic:  17/17      EV: 12    Int: 19    God:
Gold:   79         SH:  0    Dex: 15    Spells: 7/8 levels left

rFire   . . .      SeeInvis .   a - +0 dagger
rCold   . . .      Faith    .   (no shield)
rNeg    . . .      Spirit   .   c - +0 robe
rPois   .          Reflect  .   n - +1 hat {Stlth+}
rElec   .          Harm     .   (no cloak)
rCorr   .          Rampage  .   (no gloves)
Will    .....                   (no boots)
Stlth   +++.......              (no amulet)
HPRegen 0.05/turn               q - ring of magical power
MPRegen 0.15/turn               (no ring)

@: no status effects
A: no striking features
a: no special abilities


You were on level 2 of the Dungeon.
You visited 1 branch of the dungeon, and saw 2 of its levels.

You collected 79 gold pieces.

Inventory:

Hand Weapons
 a - a +0 dagger (weapon)
Armour
 c - a +0 robe (worn)
 n - a +1 hat of stealth (worn)
Magical Staves
 g - a staff of air
Jewellery
 q - a ring of magical power (left hand)
Wands
 k - a wand of flame (13)
Scrolls
 d - 2 scrolls of teleportation {unknown}
 h - 2 scrolls of magic mapping {unknown}
 m - a scroll of acquirement
 o - 2 scrolls of vulnerability {unknown}
 p - a scroll of identify {unknown}
Potions
 b - a potion of magic
 e - 2 potions of curing {unknown}
 f - a potion of haste {unknown}
 i - a potion of resistance {unknown}
 j - a potion of brilliance {unknown}
 l - a potion of flight {unknown}


   Skills:
 - Level 2.4 Dodging
 - Level 2.4 Stealth
 + Level 3.7 Spellcasting
 - Level 1.1 Conjurations
 - Level 4.0 Fire Magic


You had 7 spell levels left.
You knew the following spells:

 Your Spells              Type           Power      Damage    Failure   Level
a - Foxfire               Conj/Fire      52%        2x1d6     4%          1

Your spell library contained the following spells:

 Spells                   Type           Power      Damage    Failure   Level
 Scorch                   Fire           36%        2d7       4%          2
 Freeze                   Ice            12%        1d4       14%         1
 Conjure Flame            Conj/Fire      13%        6-21      16%         3
 Inner Flame              Hex/Fire       11%        N/A       19%         3
 Frozen Ramparts          Ice            6%         1d1       38%         3
 Flame Wave               Conj/Fire      13%        2d6       45%         4
 Hailstorm                Conj/Ice       5%         3d4       75%         4


Dungeon Overview and Level Annotations

Branches:
Dungeon (2/15) Zot: 10515

Altars:

Shops:
D:2 :


Message History

You now have 6/8 mp.
Casting: Foxfire (safe; 4% risk of failure)
Confirm with . or Enter, or press ? or * to list all spells.
You miscast Foxfire.
You are very lightly contaminated with residual magic.
Nothing appears to happen.
The foxfire hits the dart slug.
You kill the dart slug!
You now have 5/8 mp.
Casting: Foxfire (safe; 4% risk of failure)
Confirm with . or Enter, or press ? or * to list all spells.
You conjure some foxfire!
Your foxfire dissipates!
You now have 4/8 mp.
Your foxfire dissipates! x2
Your magical contamination has completely faded away.
You see here a dart slug corpse.
Found Weil's Book Boutique.
MP restored: 8 As you open the door, it creaks loudly!
There is an open door here.
There is an entrance to Weil's Book Boutique here.
You can access your shopping list by pressing '$'.
There is an open door here.
There is a stone staircase leading down here.
p - a scroll labelled RYOWNESMISCH
q - a ring of magical power You feel your magic capacity increase.
q - a ring of magical power (left hand)
e - 2 murky black potions (gained 1)
There is a stone staircase leading up here.
There is an escape hatch in the floor here.
There is an escape hatch in the ceiling here.
You now have 79 gold pieces (gained 4).
o - 2 scrolls labelled ESEONUCILU (gained 1) Key pressed, stopping explore.
Done exploring.
MP restored: 17 Done exploring.
This is a scroll of acquirement!
Are you sure you want to abandon this character and quit the game? (Confirm with "yes".)

#######.## #.#
###############
#.#
#.............#
#.#
#.###########.#
#.# #.# #<# #.#
#.# #.# #.# #.#
#.. #.####.#
### #..@...#
########


There were no monsters in sight!

Vanquished Creatures
  An adder (D:2)
  2 dart slugs (D:2)
  A ball python (D:1)
  2 goblins
  2 bats
  2 rats
10 creatures vanquished.

Vanquished Creatures (others)
  47 foxfires
47 creatures vanquished.

Grand Total: 57 creatures vanquished

Notes
Turn   | Place    | Note
-------+----------+-------------------------------------------
     0 | D:1      | Psyclone the Deep Elf Fire Elementalist began the quest for
                  | the Orb.
     0 | D:1      | Reached XP level 1. HP: 10/10 MP: 6/6
   923 | D:2      | Reached XP level 2. HP: 15/15 MP: 5/8
   972 | D:2      | Reached skill level 4 in Fire Magic
  1082 | D:2      | Found a faded altar of an unknown god.
  1225 | D:2      | Found Weil's Book Boutique.
  1485 | D:2      | Identified a scroll of acquirement
  1485 | D:2      | Quit the game

Illustrated notes

Levels and vault maps discovered:
D:1:      dpeg_arrival_lava_temple_mockup, layout_basic
D:2:      layout_loops_ring, shapermc_ecumenical_altar_starsandcircs,
          serial_shops, nicolae_shop_window_shopping

Skill      XL: |  1  2 |
---------------+-------+-----
Fire Magic     | 4 |  4.0
Dodging        | |  2.4
Stealth        | |  2.4
Spellcasting   | |  3.7
Conjurations   | |  1.1

Action                   || total
-------------------------++-------
 Cast: Foxfire           ||    29
Armor: Robe              ||     1
